Map: Cyber Forest LE

Players

DarwinAwdWnr - Winner!

  • Race: Zerg Zerg
  • League: Gold
  • Spawn Location: 11:00

Breeze

  • Race: Zerg Zerg
  • League: Platinum
  • Spawn Location: 5:00

VOD

Have the link to the VOD?

Description

Time

  • Played on: June 23, 2019, 6:25 p.m.
  • Length: 5:20
Show
View Real Time Build Order
Export as new Build Order

DarwinAwdWnr Zerg - Winner!

Build Orders: Hatch First, Zergling Baneling 

Get SALT Encoding   

  12  0:01  Drone  
  13  0:08  Drone  
  14  0:22  Overlord  
  14  0:42  Drone x2  
  16  0:53  Hatchery  
  15  0:59  Drone x2  
  15  1:04  Extractor  
  16  1:06  Drone  
  17  1:14  Drone  
  18  1:28  Drone, Spawning Pool  
  18  1:42  Drone  
  18  1:46  Drone  
  20  1:59  Overlord  
  20  2:14  Metabolic Boost  
  20  2:25  Zergling x4, Queen x2  
  26  2:45  Overlord  
  26  2:52  Drone x5  
  26  2:58  Hatchery  
  30  3:03  Drone  
  31  3:28  Baneling Nest  
  31  3:33  Drone x3  
  31  3:34  Zergling x6  
  34  3:39  Queen  
  38  3:42  Overlord x2  
  38  3:44  Zergling x4  
  38  3:47  Zergling x2  
  41  4:10  Zergling x2  
  41  4:11  Zergling x18  
  50  4:19  Zergling x2  
  50  4:20  Zergling x2  
  50  4:21  Baneling  
  50  4:22  Baneling x6  
  52  4:24  Baneling  
  52  4:28  Zergling x2  
  52  4:29  Zergling x2  
  54  4:35  Overlord  
  48  4:45  Zergling x2  
  48  4:46  Zergling x10  
  48  4:52  Zergling x2  
  50  5:01  Zergling x2  
  50  5:02  Zergling x2  
Show
View Real Time Build Order
Export as new Build Order

Breeze Zerg 

Build Orders: Hatch First 

Get SALT Encoding   

  12  0:04  Drone  
  13  0:12  Overlord  
  13  0:20  Drone  
  14  0:30  Drone x2  
  16  0:36  Drone  
  17  0:53  Hatchery  
  17  0:56  Drone  
  17  1:02  Drone, Extractor  
  17  1:17  Spawning Pool  
  16  1:19  Drone  
  16  1:21  Drone  
  18  1:29  Drone  
  19  1:40  Drone  
  20  1:51  Overlord  
  20  2:03  Metabolic Boost  
  20  2:06  Queen x2  
  20  2:08  Zergling x2  
  25  2:10  Zergling x2  
  25  2:15  Zergling x2  
  27  2:17  Drone  
  28  2:23  Drone  
  29  2:40  Drone  
  29  2:43  Hatchery  
  29  2:49  Queen  
  31  2:52  Drone  
  31  2:53  Drone  
  33  3:03  Drone x3  
  33  3:05  Overlord  
  35  3:23  Drone x7  
  35  3:24  Drone  
  43  3:35  Drone, Roach Warren  
  43  3:36  Drone  
  43  3:39  Overlord  
  44  4:01  Extractor x2  
  42  4:06  Drone  
  42  4:07  Drone x8  
  51  4:13  Zergling x2  
  49  4:25  Zergling x2  
  49  4:26  Zergling x6  
  52  4:44  Overlord x4  
  52  4:52  Zergling x2  
  45  4:53  Zergling x6  
Tags
 
Matchup
ZvZ
Race
Zerg
Replay Pack
10.7.19
Spawn Locations
Cross Positions
Add a new tag
Caveats
  • Supply blocks, unpowered buildings, or Contaminate may cause inaccurate times.
  • Supply counts are checked every 10 seconds.